Unix NetHack Version 3.7.0-80 Work-in-progress - last build Apr 3 2023 03:42:37 (19c2502d0eabe2b63ed744f02f09929013f2ca44,branch:master). Game began 2023-04-03 19:47:28, ended 2023-04-03 20:37:32. tromix, chaotic male human Ranger ------- --.--..| ---- ---- .|......--- --..| |..| ...........-- --...| |..| -............| ------- ---....-- |.-- -...........------.....-------- --.......| |.| -.............[.............G.------------- |........| |.| .....--......----.......-----.M@%.%.......| --.......--|.| ..|.||i.....| ----..--- --------.----.-- |.........|.| .|.|--...%.| ---- |..---..--- --...--......| |.--......| --........--- |............| |.........| --......)..---- |.....--.--..| ..---.|..--- ----.---.....----.....|.||.-- .. ----. --- |..........-----%|-^| |.......---- |..|..-- |.......| ---......| --..---------.....[..-- ---- |.......--...-- |......----.>.| ---.---- --.-- --- --- Tromix the Trailblazer St:16 Dx:11 Co:16 In:15 Wi:14 Ch:8 Chaotic Dlvl:8 $:0 HP:0(45) Pw:40(40) AC:-4 Exp:7 T:4669 Latest messages: It is hit. You see here an egg. The gnome lord hits! You hit the gnome lord! You hit the gnome lord! The gnome lord misses! You hit the gnome lord! The gnome lord hits! You kill the gnome lord! You have a little trouble lifting a food ration. Continue? [ynq] (q) y You have a little trouble lifting h - a food ration (2 in total). Your movements are slowed slightly because of your load. You hit the human mummy! You hit the human mummy! The human mummy misses! The human mummy hits! The human mummy hits! The human mummy misses! A dart misses you. What do you want to use or apply? [cefswFPX or ?*] f You put 2 food rations into the bag called bag of holding. Your movements are now unencumbered. The human mummy hits! The human mummy misses! You hit the human mummy! The human mummy hits! The human mummy hits again! A dart misses you. You miss the human mummy. The human mummy hits! The human mummy hits again! Are you sure you want to pray? [yn] (n) y You begin praying to Mars. You are surrounded by a shimmering light. The human mummy starts to attack you, but pulls back. The human mummy starts to attack you, but pulls back. The human mummy starts to attack you, but pulls back. You finish your prayer. You feel that Mars is well-pleased. Your dagger softly glows with a light blue aura. What do you want to read? [*] ? What do you want to read? [*] Never mind. What do you want to use or apply? [cefswFPX or ?*] f O - an uncursed scroll of teleportation. The human mummy hits! The human mummy hits again! You die... Do you want your possessions identified? [ynq] (y) y Do you want to see your attributes? [ynq] (y) q Inventory: Weapons A - 53 +2 arrows (in quiver) b - a +1 bow (alternate weapon; not wielded) a - a blessed +1 dagger (weapon in hand) Armor K - a blessed +1 dwarvish iron helm (being worn) M - an uncursed +0 pair of iron shoes (being worn) u - an uncursed +2 cloak of displacement (being worn) U - an uncursed +0 dwarvish mithril-coat (being worn) Comestibles S - an uncursed lembas wafer J - an uncursed lichen corpse Scrolls O - an uncursed scroll of teleportation Rings l - an uncursed +1 ring of protection Wands X - a cursed wand of sleep (0:2) s - a wand of striking (0:3) Tools f - an uncursed bag of holding containing 40 items w - an uncursed magic lamp c - an uncursed magic whistle F - an uncursed oil lamp (lit) e - an uncursed skeleton key named poi P - an uncursed towel Gems/Stones m - an uncursed worthless piece of yellowish brown glass Contents of the bag of holding: 33 gold pieces an uncursed amulet of ESP 8 blessed +2 arrows 49 +0 arrows 30 +0 arrows 4 +0 daggers 9 +0 daggers a +0 elven dagger a cursed -1 pair of speed boots 4 uncursed cram rations 3 uncursed food rations an uncursed food ration an uncursed fortune cookie an uncursed tripe ration a cursed scroll of charging a cursed scroll of create monster an uncursed scroll of gold detection an uncursed scroll of identify an uncursed scroll of identify an uncursed scroll of light an uncursed scroll of stinking cloud an uncursed potion of fruit juice a cursed potion of object detection an uncursed potion of sleeping a potion of holy water a cursed ring of teleportation a wand of speed monster (0:1) a magic marker (0:33) a +0 pick-axe a tinning kit (0:53) an uncursed jasper stone 2 uncursed jasper stones an uncursed worthless piece of black glass an uncursed worthless piece of green glass 2 uncursed worthless pieces of violet glass an uncursed worthless piece of yellow glass a cursed worthless piece of yellow glass an uncursed worthless piece of yellowish brown glass 2 uncursed worthless pieces of yellowish brown glass a cursed touchstone Tromix the Ranger's attributes: Background: You were a Trailblazer, a level 7 male human Ranger. You were chaotic, on a mission for Mars who was opposed by Mercury (lawful) and Venus (neutral). You were in the Gnomish Mines, on level 8. You entered the dungeon 4669 turns ago. You had 1011 experience points, 269 more were needed to attain level 8. Basics: You had 0 out of 45 hit points. You had all 40 energy points (spell power). Your armor class was -4. Your wallet was empty, but you had 33 zorkmids stashed away in your pack. Autopickup was off. Final Characteristics: Your strength was 16 (limit:18/100). Your dexterity was 11 (limit:18). Your constitution was 16 (limit:18). Your intelligence was 15 (limit:18). Your wisdom was 14 (limit:18). Your charisma was 8 (limit:18). Final Status: You were not hungry. You were unencumbered. You were wielding a dagger. You had expert skill with dagger. Final Attributes: You were piously aligned. You were poison resistant. You were telepathic. You had automatic searching. You were displaced. You were stealthy. You were guarded. You were fast. You are dead. Miscellaneous: You disabled loading of bones levels. Total elapsed playing time was 50 minutes and 4 seconds. Major events: Turn 1: tromix the chaotic male human Ranger entered the dungeon 505: entered the Gnomish Mines 874: attained the rank of Lookout (level 3) 2515: attained the rank of Trailblazer (level 6) 4669: killed by a human mummy Vanquished creatures: a small mimic a tengu a leprechaun a gnome ruler a dog a raven a gnome mummy a rock piercer 6 gnome leaders 5 gnomish wizards a kobold mummy a little dog 2 floating eyes 10 dwarves a kobold leader 11 hill orcs an orc zombie a wererat 3 iguanas a killer bee 2 hobbits 2 large kobolds 2 giant rats a cave spider a yellow mold 46 gnomes a gnome zombie a jackal a fox a kobold 3 goblins 3 sewer rats 11 grid bugs 9 lichens a kobold zombie 8 newts 144 creatures vanquished. No species were genocided or became extinct. Voluntary challenges: You read items or engraved 4 times. You never engraved Elbereth. You never genocided any monsters. You never polymorphed an object. You never changed form. You used no wishes. Achievements: You entered the Gnomish Mines. You attained the rank of Lookout. You attained the rank of Trailblazer. You entered a temple. You entered a shop. The Dungeons of Doom: levels 1 to 3 Level 1: An altar to Mars, a fountain, a sink. Level 2: "next: ants" Stairs down to The Gnomish Mines. Level 3: The Gnomish Mines: levels 3 to 9 Level 3: Level 4: Level 5: Level 6: Many shops, a temple, some fountains. Level 7: Level 8: <- You were here. Final resting place for you, killed by a human mummy. Level 9: Game over: ---------- / \ / REST \ / IN \ / PEACE \ / \ | tromix | | 33 Au | | killed by a | | human mummy | | | | | | 2023 | *| * * * | * _________)/\\_//(\/(/\)/\//\/|_)_______ Goodbye tromix the Ranger... You died in The Gnomish Mines on dungeon level 8 with 4484 points, and 33 pieces of gold, after 4669 moves. You were level 7 with a maximum of 45 hit points when you died.